 Dungeon Crawl Stone Soup version 0.28-a0-1190-g77e1c55843 (webtiles) character file.

Game seed: 10080740321257422229

14045 AvatarAndi78 the Cleaver (level 11, -1/101 HPs)
             Began as a Minotaur Berserker on Dec 18, 2021.
             Was a High Priest of Trog.
             Slain by a wyvern (7 damage)
             ... on level 9 of the Dungeon.
             The game lasted 00:26:42 (9347 turns).

AvatarAndi78 the Cleaver (Minotaur Berserker)       Turns: 9347, Time: 00:26:42

Health: -1/101     AC: 16    Str: 23    XL:     11   Next: 83%
Magic:  10/10      EV:  7    Int:  4    God:    Trog [*****.]
Gold:   370        SH: 18    Dex: 13    Spells: 10/10 levels left

rFire   + . .      SeeInvis +   u - +4 war axe (flame)
rCold   . . .      Faith    .   J - +2 kite shield
rNeg    . . .      Spirit   .   y - +0 plate armour
rPois   .          Reflect  +   (helmet restricted)
rElec   .          Harm     .   (no cloak)
rCorr   .          Rampage  .   (no gloves)
Will    .....                   w - +0 pair of boots
Stlth   ..........              j - amulet of reflection
HPRegen 0.26/turn               v - ring of see invisible
MPRegen 0.12/turn               B - ring of protection from fire

@: on berserk cooldown, slowed, very slow
A: horns 2, retaliatory headbutt
a: Renounce Religion, Berserk, Trog's Hand, Brothers in Arms


You were on level 9 of the Dungeon.
You worshipped Trog.
Trog was extremely pleased with you.
You visited 1 branch of the dungeon, and saw 9 of its levels.
You also visited: Ossuary.

You collected 414 gold pieces.
You spent 44 gold pieces at shops.

Inventory:

Hand Weapons
 u - a +4 war axe of flaming (weapon)
Missiles
 q - 12 boomerangs (quivered)
Armour
 w - a +0 pair of boots (worn)
 y - a +0 plate armour (worn)
 J - a +2 kite shield (worn)
Jewellery
 a - a ring of ice
 h - a +4 ring of evasion
 j - an amulet of reflection (around neck)
 v - a ring of see invisible (left hand)
 A - an amulet of the acrobat
 B - a ring of protection from fire (right hand)
 D - a ring of ice
Wands
 c - a wand of polymorph (15)
 d - a wand of iceblast (4)
 z - a wand of flame (6)
Scrolls
 f - a scroll of silence
 g - 4 scrolls of fog
 k - 3 scrolls of teleportation
 o - 2 scrolls of blinking
 r - 2 scrolls of holy word
 F - 2 scrolls of amnesia {unknown}
 G - a scroll of fear {unknown}
Potions
 b - 3 potions of flight {unknown}
 e - 3 potions of might {unknown}
 i - 2 potions of lignification {unknown}
 l - a potion of cancellation {unknown}
 m - 2 potions of attraction {unknown}
 n - a potion of resistance {unknown}
 p - 2 potions of brilliance {unknown}
 s - 3 potions of magic {unknown}
 t - a potion of invisibility
 x - a potion of heal wounds {unknown}
 C - 3 potions of curing
 E - 3 potions of ambrosia
 H - a potion of haste {unknown}
 I - a potion of degeneration {unknown}


   Skills:
 + Level 10.5 Fighting
 + Level 14.5 Axes
 + Level 3.7 Throwing
 + Level 10.2 Armour
 + Level 4.4 Dodging
 + Level 1.6 Stealth
 + Level 9.5 Shields


You had 10 spell levels left.
You didn't know any spells.
Your spell library was empty.

Dungeon Overview and Level Annotations

Branches:
Dungeon (9/15)             Temple (0/1) D:5         Ossuary (visited)
   Lair: D:8-11         Orc: D:9-12

Altars:
Ashenzari
Dithmenos
Makhleb
Nemelex Xobeh
Okawaru
Ru
Sif Muna
Vehumet
Wu Jian
Yredelemnul
The Shining One

Shops:
D:3 ?   D:7 *   D:9 (

Annotations:
D:6 2 transporters, ChaosChampion's ghost, novice DECj


Innate Abilities, Weirdness & Mutations

You have a pair of horns on your head.
You reflexively headbutt those who attack you in melee.


Message History

You slice the centaur zombie!! You burn the centaur zombie.
You destroy the centaur zombie!
Trog accepts your kill.
You slash the orc! You burn the orc.
You kill the orc!
Trog accepts your kill.
You now have 370 gold pieces (gained 14).
Items here: " ))) [[[.
You are no longer berserk.
You are exhausted.
You feel yourself slow down.
You see here a +4 vorpal great mace.
Items here: " ))) [[[.
Okay, then.
A lindwurm comes into view.
The lindwurm roars!
There is an open door, spattered with blood here.
Items here: $ ((( ))))) = ??? [[[[ †††.
Items here: " ))) [[[.
As you read the scroll of teleportation, it crumbles to dust.
You feel strangely unstable. The lindwurm breathes flames at you.
The blast of flame hits you! You resist.
* * * LOW HITPOINT WARNING * * *
You see here a wyvern corpse.
Your surroundings suddenly seem different.
A wyvern comes into view.
The wyvern hisses angrily.
You hit the wyvern. You burn the wyvern.
The wyvern is moderately wounded.
You block the wyvern's attack. The wyvern bites you.
* * * LOW HITPOINT WARNING * * *
You hit the wyvern. You burn the wyvern.
The wyvern is heavily wounded.
You block the wyvern's attack. The wyvern bites you!
* * * LOW HITPOINT WARNING * * *
You hit the wyvern. You burn the wyvern. Your headbutt misses the wyvern.
The wyvern is heavily wounded.
You block the wyvern's attack. The wyvern bites you!
You die...

# #.#.###.##..'..............#
#.#.#...#.#..##..............#
#.#.#####.'.###..............+
#.........### #..............#
###'####### #######)######## #..#
#...# #.## #####.######## #∩#
###............# ##'#######
#...@..........# #........#
#.#.l..).......# #........#
#.#............# #.......[#
#.#............# ####
#........####.#......<.....###..>
#........##...#................##
#........##.###.......>....#####
#........'..# #............#
#........#### #########.####


You could see a wyvern.

Vanquished Creatures
  A stone giant (D:9)
  A very ugly thing (D:9)
  A boulder beetle (D:9)
  A hydra (D:9)
  A centaur warrior (D:9)
  A two-headed ogre (D:9)
  A tengu warrior (D:9)
  A wizard (D:7)
  Pikel (D:4)
  An efreet (D:9)
  A queen bee (D:9)
  A hornet (D:9)
  A troll (D:9)
  13 yaks (D:9)
  3 wraiths (D:9)
  A vampire (D:9)
  2 wyverns (D:9)
  A steam dragon (D:9)
  Menkaure (D:4)
  An acid dragon (D:8)
  A water moccasin (D:8)
  A hornet zombie (D:6)
  2 orc warriors (D:9)
  An ice beast (D:7)
  A sky beast (D:7)
  2 black bears
  A necrophage (D:5)
  5 ogres
  4 centaurs
  2 kobold brigands
  2 bullfrogs (D:6)
  2 gnoll sergeants
  2 scorpions
  A water moccasin skeleton (D:6)
  36 killer bees
  The ghost of Trumph21 the Covered, a weakling MiFi (D:3)
  6 wights (D:9)
  An electric eel (D:7)
  3 jellies
  3 centaur zombies (D:9)
  A hound (D:5)
  5 orc priests
  A centaur skeleton (D:4)
  An iguana (D:5)
  Jessica (D:2)
  3 bullfrog skeletons
  12 orc wizards
  3 mummies (Ossuary)
  A howler monkey zombie (D:6)
  10 gnolls
  8 adders
  A shadow imp (D:8)
  2 adder zombies (Ossuary)
  3 worms (D:4)
  31 orcs
  3 bats
  3 endoplasms (D:1)
  10 giant cockroaches
  6 goblins
  9 hobgoblins
  18 jackals
  25 kobolds
  4 quokkas
  3 ball pythons
  A frilled lizard (D:1)
  3 goblin zombies (Ossuary)
  3 hobgoblin zombies (Ossuary)
  3 kobold zombies (Ossuary)
  4 quokka zombies (Ossuary)
  9 rats
  3 rat zombies (Ossuary)
302 creatures vanquished.

Notes
Turn   | Place    | Note
-------+----------+-------------------------------------------
     0 | D:1      | AvatarAndi78 the Minotaur Berserker began the quest for the
                  | Orb.
     0 | D:1      | Reached XP level 1. HP: 19/19 MP: 0/0
   128 | D:1      | Reached skill level 4 in Axes
   128 | D:1      | Reached XP level 2. HP: 27/27 MP: 1/1
   504 | D:1      | Reached XP level 3. HP: 30/33 MP: 2/2
   543 | D:1      | Reached ** piety under Trog
  1130 | D:2      | Found a broken altar of Ashenzari.
  1224 | D:2      | Noticed Jessica
  1232 | D:2      | Killed Jessica
  1233 | D:2      | Reached skill level 5 in Axes
  1233 | D:2      | Reached XP level 4. HP: 39/41 MP: 3/3
  1621 | D:2      | Noticed an ogre
  1632 | D:2      | Killed an ogre
  1633 | D:2      | Reached XP level 5. HP: 47/47 MP: 4/4
  1768 | D:3      | Found Empo's Magic Scroll Shoppe.
  1782 | D:3      | Bought a scroll of identify for 22 gold pieces
  1782 | D:3      | Bought a scroll of identify for 22 gold pieces
  1841 | D:3      | Reached skill level 6 in Axes
  2077 | D:3      | Reached XP level 6. HP: 32/55 MP: 5/5
  2357 | D:3      | Found a sparkling altar of Nemelex Xobeh.
  2508 | D:3      | Found a faded altar of an unknown god.
  2699 | D:3      | Reached *** piety under Trog
  2777 | D:3      | Found a runed translucent gate.
  2778 | D:3      | Found a runed translucent gate.
  2779 | D:3      | Found a runed translucent gate.
  2781 | D:3      | Noticed Trumph21's ghost (weakling MiFi)
  3483 | D:4      | Noticed Menkaure
  3490 | D:4      | Killed Menkaure
  3491 | D:4      | Reached skill level 5 in Fighting
  3491 | D:4      | Reached skill level 1 in Throwing
  3491 | D:4      | Reached skill level 1 in Shields
  3491 | D:4      | Reached XP level 7. HP: 48/61 MP: 6/6
  3859 | D:4      | Noticed Pikel
  3868 | D:4      | Killed Pikel
  3869 | D:4      | Reached skill level 7 in Axes
  3869 | D:4      | Reached skill level 5 in Armour
  4325 | D:5      | Entered Level 5 of the Dungeon
  4325 | D:5      | Found a staircase to the Ecumenical Temple.
  4344 | D:5      | Reached skill level 1 in Stealth
  4344 | D:5      | Reached XP level 8. HP: 55/69 MP: 7/7
  4597 | D:5      | Reached skill level 8 in Axes
  5104 | D:5      | Found an iron altar of Okawaru.
  5258 | D:3      | Killed Trumph21's ghost
  5479 | D:6      | Found a transporter.
  5479 | D:6      | Noticed ChaosChampion's ghost (novice DECj)
  5480 | D:6      | Noticed a slime creature
  5498 | D:6      | Reached skill level 9 in Axes
  5538 | D:6      | Noticed a manticore
  5562 | D:6      | Found a basalt altar of Yredelemnul.
  5656 | D:6      | Found a transporter.
  5669 | D:6      | Reached XP level 9. HP: 54/78 MP: 8/8
  5677 | D:6      | Reached skill level 10 in Axes
  5826 | D:6      | Found a shadowy altar of Dithmenos.
  5852 | D:6      | Reached **** piety under Trog
  6387 | D:6      | Found an ornate altar of the Wu Jian Council.
  6390 | D:6      | Found a radiant altar of Vehumet.
  6411 | D:6      | Found a glowing golden altar of the Shining One.
  6411 | D:6      | Found a burning altar of Makhleb.
  6471 | D:7      | Found a sand-covered staircase.
  6588 | Ossuary  | Entered an ossuary
  6846 | D:7      | Found Xoizan's Assorted Antiques.
  6999 | D:7      | Noticed a wizard
  7002 | D:7      | Reached skill level 11 in Axes
  7015 | D:7      | Killed a wizard
  7276 | D:7      | Found a shimmering blue altar of Sif Muna.
  7290 | D:7      | Reached XP level 10. HP: 90/90 MP: 9/9
  7914 | D:8      | Reached skill level 12 in Axes
  8390 | D:9      | Found Jyakhov's Antique Weapon Boutique.
  8531 | D:9      | Reached skill level 5 in Shields
  8637 | D:9      | Reached ***** piety under Trog
  8660 | D:9      | Found a sacrificial altar of Ru.
  8764 | D:9      | Reached skill level 13 in Axes
  8863 | D:9      | Reached XP level 11. HP: 97/97 MP: 10/10
  8880 | D:9      | Noticed a green very ugly thing
  8896 | D:9      | Killed a green very ugly thing
  9051 | D:9      | Noticed a two-headed ogre
  9055 | D:9      | Noticed a boulder beetle
  9056 | D:9      | Noticed a seven-headed hydra
  9059 | D:9      | Killed a two-headed ogre
  9059 | D:9      | Noticed a stone giant
  9069 | D:9      | Killed a three-headed hydra
  9079 | D:9      | Killed a stone giant
  9080 | D:9      | Reached skill level 10 in Fighting
  9081 | D:9      | Killed a boulder beetle
  9082 | D:9      | Reached skill level 14 in Axes
  9290 | D:9      | Noticed a centaur warrior
  9295 | D:9      | Received a gift from Trog
  9297 | D:9      | Noticed a tengu warrior
  9307 | D:9      | Killed a centaur warrior
  9308 | D:9      | Reached skill level 10 in Armour
  9319 | D:9      | Killed a tengu warrior
  9339 | D:9      | Noticed a lindwurm
  9347 | D:9      | Slain by a wyvern

Illustrated notes

Levels and vault maps discovered:
D:1:      minmay_arrival_shoal_huts, layout_basic, minmay_split_cup_large
D:2:      layout_basic, basic_altar, glass_columns_c, uniq_jessica
D:3:      layout_basic, mainiacjoe_overflow_tiny_flanked, serial_shops,
          nicolae_diamond_shop, shapermc_ecumenical_altar_mp_urbaneastern,
          gammafunk_ghost_nasty_kobolds, chequers_serial_rivers_small_3,
          minivault_26
D:4:      layout_basic, gup_sewer_entry_spiral, uniq_pikel, uniq_menkaure
D:5:      layout_cave_pools, okawaru_altar_gauntlet_db, temple_statues,
          chequers_serial_rivers_large_b
D:6:      layout_rooms, grunt_temple_overflow_open, gammafunk_ghost_arena,
          hangedman_feature_mirror
D:7:      cheibrodos_wizards_tower, layout_rooms, nicolae_sif_muna_condensation,
          serial_shops, nicolae_square_shop,
          nicolae_ossuary_entry_false_entrances
D:8:      layout_loops_ring, nicolae_elevator_lobby_asterisk
D:9:      layout_roguey [special_room_bee], nicolae_ru_great_annihilating_truth,
          serial_shops, shop, nicolae_rejected_hall

Skill      XL: |  1  2  3  4  5  6  7  8  9 10 11 |
---------------+----------------------------------+-----
Axes           | 4 5 6 7 9 11 13 14 | 14.5
Fighting       | 4 5 6 8 9 10 | 10.5
Armour         | 3 4 5 6 7 9 10 | 10.2
Dodging        | 3 4 |  4.4
Throwing       | 1 2 3 |  3.7
Shields        | 1 2 3 7 9 |  9.5
Stealth        | 1 |  1.6

Action                   |  1- 3 |  4- 6 |  7- 9 | 10-12 || total
-------------------------+-------+-------+-------+-------++-------
Melee: Hand axe          |    72 |    93 |   372 |     3 ||   540
       Headbutt          |     7 |    16 |    80 |    63 ||   166
       War axe           |       |       |       |   286 ||   286
Throw: Boomerang         |       |    20 |    14 |     2 ||    36
Invok: Berserk           |     1 |     4 |     3 |     3 ||    11
       Trog's Hand       |       |       |     4 |     5 ||     9
  Use: Scroll            |       |       |    11 |     6 ||    17
       Potion            |       |       |       |     2 ||     2
 Stab: Paralysed         |       |       |       |     1 ||     1
Armor: Animal skin       |     4 |       |       |       ||     4
       Ring mail         |    17 |    16 |     4 |       ||    37
       Plate armour      |       |       |   152 |    87 ||   239
Dodge: Dodged            |    50 |    39 |   108 |    42 ||   239
Block: Other             |     4 |    16 |    63 |       ||    83
       Reflection        |       |       |     2 |     9 ||    11
       Kite shield       |       |       |    20 |   241 ||   261

Table legend: (Time is in decaauts)
 A = Elapsed time spent in this place.
 B = Non-inter-level travel time spent in this place.
 C = Inter-level travel time spent in this place.
 D = Time resting spent in this place.
 E = Time spent auto-exploring this place.
 F = Levels seen in this place.
 G = Mean time per level.
                   A        B        C        D        E       F      G
               +--------+--------+--------+--------+--------+-----+--------+
         Total |   9493 |   9071 |    422 |      0 |   7269 |  10 |  949.3 |
       Dungeon |   9347 |   8925 |    422 |      0 |   7221 |   9 | 1038.6 |
       Ossuary |    146 |    146 |      0 |      0 |     48 |   1 |  146.0 |
               +--------+--------+--------+--------+--------+-----+--------+

Top non-repeatable levels by time:
     D:3: 1622 daAuts
     D:4: 1359 daAuts
     D:1: 1067 daAuts
     D:9: 1065 daAuts
     D:7: 1000 daAuts
     D:6: 960 daAuts
     D:5: 944 daAuts
     D:8: 689 daAuts
     D:2: 638 daAuts
 Ossuary: 146 daAuts
